 Dungeon Crawl Stone Soup version 0.30-a0-777-ga9a30cbeda (webtiles) character file.

Game seed: 13573206619511710692

3081239 Anon1729 the Invulnerable (level 27, 287/287 HPs)
             Began as a Minotaur Monk on Feb 14, 2023.
             Was the Champion of Qazlal.
             Escaped with the Orb
             ... and 5 runes!
             The game lasted 02:06:15 (74154 turns).

Anon1729 the Invulnerable (Minotaur Monk)          Turns: 74154, Time: 02:06:15

Health: 287/287    AC: 45    Str: 28    XL:     27
Magic:  39/39      EV: 23    Int:  6    God:    Qazlal [******]
Gold:   6280       SH: 12    Dex: 18    Spells: 25/26 levels left

rFire   + + .      SeeInvis .    F - +7 executioner's axe (heavy)
rCold   + . .      Faith    +    (shield currently unavailable)
rNeg    + . .      Spirit   .    M - +12 chain mail of Yzxul {rF+ Str+4}
rPois   +          Reflect  .    Z - +0 hat of Terror {rN+ Stlth+}
rElec   .          Harm     .    f - +4 dragonskin cloak
rCorr   +          Rampage  .    i - +3 pair of gauntlets of War {Slay+5}
Will    ++...      Clarity  +    w - +2 pair of boots
Stlth   +                        E - amulet of faith
HPRegen 0.67/turn                s - ring of Kuacla Uteb {rPois rC+ rCorr Stlth+}
MPRegen 0.26/turn                e - ring "Huzxuab" {Fly rF+ Str-2 Slay+6}

@: flying, studying 3 skills, repel missiles
A: horns 2, retaliatory headbutt, large bone plates 1, agile 1, clarity,
mutation resistance 1, robust 1, weak 1
0: Orb of Zot
}: 5/15 runes: decaying, slimy, silver, abyssal, gossamer
a: Renounce Religion, Upheaval, Elemental Force, Disaster Area


You escaped.
You worshipped Qazlal.
Qazlal was exalted by your worship.
You visited 14 branches of the dungeon, and saw 58 of its levels.
You visited the Abyss 2 times.
You also visited: Trove, Sewer, Bailey, Gauntlet and Ice Cave.

You collected 11385 gold pieces.
You spent 5105 gold pieces at shops.

Inventory:

Hand Weapons
 a - a +3 vampiric battleaxe
 b - the +6 war axe of Dissent {antimagic, SInv Stlth+}
   (You found it on level 5 of the Lair of Beasts)

   SInv:      It lets you see invisible.
   Stlth:     It makes you more stealthy.
 o - the +16 obsidian axe {drain, demonic, Mesm Drain Fly SInv}
   (You acquired it on level 1 of the Tomb of the Ancients)

   Mesm:      Its wielder is mesmerised by any visible foes, and it cannot be
   unequipped while any foes are visible.
   SInv:      It lets you see invisible.
   Fly:       It grants you flight.
   Drain:     It drains your maximum health when unequipped.
 F - a +7 heavy executioner's axe (weapon)
Missiles
 P - 4 throwing nets
Armour
 f - the +4 dragonskin cloak (worn)
   (You took it off Tiamat on level 1 of the Realm of Zot)

   Avatar's Aegis: It grants the wearer a chance to resist fire, cold, poison,
   electricity, acid, and negative energy.
 i - the +3 pair of gauntlets of War (worn) {Slay+5}
   (You acquired it on level 5 of the Vaults)

   Slay:      It affects your accuracy & damage with ranged weapons and melee
   (+5).
 w - a +2 pair of boots (worn)
 M - the +12 chain mail of Yzxul (worn) {rF+ Str+4}
   (You took it off a rakshasa on level 3 of the Depths)

   Str:       It affects your strength (+4).
   rF:        It protects you from fire.
 V - a +0 crystal plate armour
 Z - the +0 hat of Terror (worn) {rN+ Stlth+}
   (You found it on level 2 of the Vaults)

   rN:        It protects you from negative energy.
   Stlth:     It makes you more stealthy.
Jewellery
 e - the ring "Huzxuab" (right hand) {Fly rF+ Str-2 Slay+6}
   (You acquired it in a bailey)

   [ring of flight]

   Str:       It affects your strength (-2).
   Slay:      It affects your accuracy & damage with ranged weapons and melee
   (+6).
   rF:        It protects you from fire.
   Fly:       It grants you flight.
 s - the ring of Kuacla Uteb (left hand) {rPois rC+ rCorr Stlth+}
   (You took it off a deep elf blademaster on level 3 of the Elven Halls)

   [ring of resist corrosion]

   rC:        It protects you from cold.
   rPois:     It protects you from poison.
   rCorr:     It protects you from acid and corrosion.
   Stlth:     It makes you more stealthy.
 v - a ring of willpower
 B - the amulet of Satisfaction {Rampage Regen+ Int+3 SInv}
   (You found it on level 3 of the Realm of Zot)

   [amulet of regeneration]

   Int:       It affects your intelligence (+3).
   SInv:      It lets you see invisible.
   Regen:     It increases your rate of health regeneration.
   Rampage:   It bestows one free step when moving towards enemies.
 E - an amulet of faith (around neck)
 G - the ring "Joiruwk" {rC+ rN+ Str+3 Dex+3}
   (You found it in a Gauntlet)

   [ring of protection from cold]

   Str:       It affects your strength (+3).
   Dex:       It affects your dexterity (+3).
   rC:        It protects you from cold.
   rN:        It protects you from negative energy.
 U - a ring of see invisible
Wands
 q - a wand of flame (142) (quivered)
 I - a wand of light (28)
 L - a wand of roots (56)
 O - a wand of mindburst (62)
 S - a wand of digging (12)
 W - a wand of paralysis (43)
Scrolls
 g - 30 scrolls of teleportation
 h - 11 scrolls of blinking
 j - 17 scrolls of magic mapping
 k - 10 scrolls of enchant armour
 l - 12 scrolls of immolation
 m - 6 scrolls of butterflies
 x - 11 scrolls of poison
 y - 8 scrolls of fear
 z - 14 scrolls of vulnerability
 N - 2 scrolls of silence
 R - 2 scrolls of brand weapon
 X - 12 scrolls of fog
Potions
 c - 12 potions of ambrosia
 n - 7 potions of berserk rage
 p - 13 potions of mutation
 r - 4 potions of invisibility
 t - 28 potions of curing
 A - 9 potions of cancellation
 C - 4 potions of resistance
 D - 7 potions of haste
 H - 4 potions of heal wounds
 J - 12 potions of lignification
 K - 6 potions of might
 Y - 7 potions of attraction
Miscellaneous
 d - a condenser vane
 u - a box of beasts
 Q - a phial of floods
 T - a phantom mirror


   Skills:
 + Level 24.2 Fighting
 + Level 26.9 Axes
 + Level 17.5 Throwing
 O Level 27 Armour
 + Level 24.2 Dodging
 - Level 1.5 Stealth
 O Level 27 Invocations
 * Level 11.9 Evocations


You had 25 spell levels left.
You knew the following spells:

 Your Spells              Type           Power      Damage    Failure   Level
a - Apportation           Tloc           0%         N/A       71%         1

Your spell library contained the following spells:

 Spells                   Type           Power      Damage    Failure   Level
 Beastly Appendage        Tmut           0%         N/A       71%         1
 Kiss of Death            Conj/Necr      0%         2d5       71%         1
 Magic Dart               Conj           0%         1d3       71%         1
 Necrotise                Necr           0%         1d4       71%         1
 Sandblast                Erth           0%         2d4       71%         1
 Shock                    Conj/Air       0%         1d3       71%         1
 Sting                    Tmut/Pois      0%         1d3       71%         1
 Summon Small Mammal      Summ           0%         N/A       71%         1
 Blink                    Tloc           0%         N/A       85%         2
 Call Imp                 Summ           0%         N/A       85%         2
 Cigotuvi's Dreadful Rot  Necr/Pois/Air  0%         N/A       85%         2
 Ensorcelled Hibernation  Hex/Ice        0%         N/A       85%         2
 Lesser Beckoning         Tloc           0%         N/A       85%         2
 Momentum Strike          Conj/Tloc      0%         3d8       85%         2
 Passwall                 Tmut/Erth      0%         N/A       85%         2
 Poisonous Vapours        Pois/Air       0%         N/A       85%         2
 Scorch                   Fire           0%         2d5       85%         2
 Static Discharge         Conj/Air       0%         2-2/arc   85%         2
 Sublimation of Blood     Necr           0%         N/A       85%         2
 Wereblood                Tmut           0%         N/A       85%         2
 Call Canine Familiar     Summ           0%         N/A       97%         3
 Dazzling Flash           Conj/Hex       0%         N/A       97%         3
 Frozen Ramparts          Ice            0%         1d1       97%         3
 Gell's Gravitas          Tloc           0%         N/A       97%         3
 Ignite Poison            Fire/Tmut/Pois 0%         N/A       97%         3
 Inner Flame              Hex/Fire       0%         N/A       97%         3
 Kindle Blastsparks       Fire/Tloc/Air  0%         2d10      97%         3
 Mephitic Cloud           Conj/Pois/Air  0%         N/A       97%         3
 Ozocubu's Armour         Ice            0%         N/A       97%         3
 Portal Projectile        Hex/Tloc       0%         N/A       97%         3
 Spider Form              Tmut/Pois      0%         N/A       97%         3
 Stone Arrow              Conj/Erth      0%         3d7       97%         3
 Summon Guardian Golem    Hex/Summ       0%         N/A       97%         3
 Swiftness                Air            0%         N/A       97%         3
 Teleport Other           Tloc           0%         N/A       97%         3
 Vhi's Electric Charge    Tloc/Air       0%         N/A       97%         3
 Airstrike                Air            0%         2d(0-16)  100%        4
 Anguish                  Hex/Necr       0%         N/A       100%        4
 Animate Dead             Necr           0%         N/A       100%        4
 Cause Fear               Hex            0%         N/A       100%        4
 Dispel Undead            Necr           0%         3d6       100%        4
 Flame Wave               Conj/Fire      0%         2d4       100%        4
 Fulminant Prism          Conj/Hex       0%         3d5       100%        4
 Ice Form                 Ice/Tmut       0%         N/A       100%        4
 Iskenderun's Mystic Bla  Conj/Tloc      0%         2d3       100%        4
 Leda's Liquefaction      Hex/Erth       0%         N/A       100%        4
 Olgreb's Toxic Radiance  Pois           0%         N/A       100%        4
 Petrify                  Tmut/Erth      0%         N/A       100%        4
 Sticky Flame             Conj/Fire      0%         2d3       100%        4
 Summon Ice Beast         Ice/Summ       0%         N/A       100%        4
 Summon Lightning Spire   Summ/Air       0%         N/A       100%        4
 Agony                    Necr           0%         N/A       100%        5
 Alistair's Intoxication  Tmut/Pois      0%         N/A       100%        5
 Arcjolt                  Conj/Air       0%         1d10      100%        5
 Borgnjor's Vile Clutch   Necr/Erth      0%         N/A       100%        5
 Fireball                 Conj/Fire      0%         3d3       100%        5
 Freezing Cloud           Conj/Ice/Air   0%         6-21      100%        5
 Irradiate                Conj/Tmut      0%         3d11      100%        5
 Iskenderun's Battlesphe  Conj           0%         2d6       100%        5
 Lee's Rapid Deconstruct  Erth           0%         3d4*      100%        5
 Lightning Bolt           Conj/Air       0%         1d11      100%        5
 Metabolic Englaciation   Hex/Ice        0%         N/A       100%        5
 Silence                  Hex/Air        0%         N/A       100%        5
 Summon Forest            Summ/Tloc      0%         N/A       100%        5
 Summon Mana Viper        Hex/Summ       0%         N/A       100%        5
 Yara's Violent Unravell  Hex/Tmut       0%         3d3       100%        5
 Conjure Ball Lightning   Conj/Air       0%         3x3d6     100%        6
 Death Channel            Necr           0%         N/A       100%        6
 Dispersal                Tloc           0%         N/A       100%        6
 Eringya's Noxious Bog    Tmut/Pois      0%         N/A       100%        6
 Iron Shot                Conj/Erth      0%         9d1       100%        6
 Simulacrum               Ice/Necr       0%         N/A       100%        6
 Starburst                Conj/Fire      0%         6d3       100%        6
 Statue Form              Tmut/Erth      0%         N/A       100%        6
 Summon Cactus Giant      Summ           0%         N/A       100%        6
 Enfeeble                 Hex            0%         N/A       100%        7
 Malign Gateway           Summ/Tloc      0%         N/A       100%        7
 Orb of Destruction       Conj           0%         9d5       100%        7
 Ozocubu's Refrigeration  Ice            0%         4d7       100%        7
 Spellforged Servitor     Conj/Summ      0%         N/A       100%        7
 Borgnjor's Revivificati  Necr           0%         N/A       100%        8
 Discord                  Hex            0%         N/A       100%        8
 Maxwell's Capacitive Co  Air            0%         ∞         100%        8
 Necromutation            Tmut/Necr      0%         N/A       100%        8
 Summon Horrible Things   Summ           0%         N/A       100%        8
 Chain Lightning          Conj/Air       0%         N/A       100%        9
 Death's Door             Necr           0%         N/A       100%        9
 Fire Storm               Conj/Fire      0%         5d1       100%        9
 Polar Vortex             Ice            0%         N/A       100%        9
 Shatter                  Erth           0%         3d5*      100%        9


Dungeon Overview and Level Annotations

Branches:
Dungeon (15/15)            Temple (1/1) D:5            Lair (5/5) D:9
  Swamp (4/4) Lair:3       Spider (4/4) Lair:3        Slime (5/5) Lair:5
    Orc (2/2) D:10            Elf (3/3) Orc:2        Vaults (5/5) D:13
  Crypt (3/3) Vaults:2       Tomb (1/3) Crypt:3      Depths (4/4) D:15
   Hell (visited)             Dis (0/7) Hell            Geh (0/7) Hell
    Coc (0/7) Hell            Tar (0/7) Hell            Zot (5/5) Depths:4
  Sewer (visited)          Bailey (visited)           IceCv (visited)
Gauntlet (visited)

Altars:
Ashenzari
Cheibriados
Dithmenos
Elyvilon
Fedhas
Gozag
Hepliaklqana
Kikubaaqudgha
Makhleb
Nemelex Xobeh
Okawaru
Qazlal
Ru
Sif Muna
Trog
Uskayaw
Vehumet
Wu Jian
Xom
Yredelemnul
Zin
The Shining One

Shops:
D:6 (   D:15 (   Orc:1 ?   Orc:2 =(:((*([   Vaults:5 =?=!?   Depths:1 *
Depths:2 ![!

Portals:
Hell: Depths:1 Depths:2 Depths:3 Depths:4
Abyss: Depths:1 Depths:3
Pandemonium: Depths:1 Depths:2
Ziggurat: Depths:1

Annotations:
D:4 1 runed translucent door, Crazy Yiuf
D:6 2 transporters, Armakuni's ghost, weakling HuDe


Innate Abilities, Weirdness & Mutations

You have a pair of horns on your head.
You reflexively headbutt those who attack you in melee.
You are partially covered in large bone plates. (SH +4)
You are agile. (Dex +4, Str/Int -1)
You possess an exceptional clarity of mind.
You are somewhat resistant to further mutation.
You are robust. (+10% HP)
You are weak. (Str -2)


Message History

(N) Spider Nest (M) Slime Pits (O) Orcish Mines (E) Elven Halls (V) Vaults (C) Crypt (W) Tomb (U) Depths (H) Hell (I) Dis (G) Gehenna (X) Cocytus (Y) Tartarus (Z) Zot
Where to? (Enter - D:1 @ (x,y), ? - help)
There is a stone staircase leading up here.
You fly upwards.
There is a stone staircase leading down here.
A hell beast comes into view.
There is a stone staircase leading up here.
You open the hell beast like a pillowcase!!!!
Your headbutt misses the hell beast.
The hell beast is almost dead.
The hell beast completely misses you. You furiously retaliate!
You headbutt the hell beast!!
You kill the hell beast!
Qazlal accepts your kill.
No target in view!
No target in view!
No target in view!
No target in view!
(D) Dungeon (T) Temple (L) Lair (S) Swamp (N) Spider Nest (M) Slime Pits (O) Orcish Mines (E) Elven Halls (V) Vaults (C) Crypt (W) Tomb (U) Depths (H) Hell (I) Dis (G) Gehenna (X) Cocytus (Y) Tartarus (Z) Zot
Where to? (Enter - D:1 @ (x,y), ? - help)
Okay, then.
There is a stone staircase leading up here.
You fly upwards.
There is a stone staircase leading down here.
Aiming: Dig
Press: ? - help, Shift-Dir - straight line You can't see that place. [the floor.]
The rock shatters into small pieces.
You see here a +0 short sword.
There is a staircase leading out of the dungeon here.
Okay, then.
You have escaped!

# ##.###.......#.#
#######............#.####
.........###.......#....#
########...........####.#
#######....(..##...#
#.............##.###
################'############
...##.........§°............##
##.#..........○§@............#
##.#.....#####..○○.#####.....#
..)......#...##.○.##...##....#
##
...#...##..8..##'##..8..##...#
..
#..#..##.(...............##..#
#.
####.##...................##.#
#.
#....####.###############.###.
####............# #.....
.....####.##.##.# #####.


There were no monsters in sight!

Vanquished Creatures
  the Royal Jelly (Slime:5)
  Tiamat (Zot:1)
  4 dread liches
  3 ancient liches
  7 orbs of fire
  2 royal mummies (Tomb:1)
  4 Killer Klowns
  Vv (Crypt:2)
  The ghost of tilp the Victor of a Thousand Battles, a veteran MeFi of Okawaru (Zot:4)
  Bai Suzhen (Vaults:3)
  2 curse toes
  2 caustic shrikes (Depths:3)
  Geryon (Hell)
  11 golden dragons
  Arachne (Spider:2)
  3 bone dragons
  2 Brimstone Fiends
  7 electric golems
  Zenata (Crypt:2)
  A walking crystal tome (Depths:2)
  A walking frostbound tome (Depths:2)
  18 tentacled monstrosities
  Asterion (Depths:1)
  An Ice Fiend (D:7)
  9 liches
  26 Orb Guardians
  A deep elf master archer (Elf:3)
  8 titans
  2 deep elf blademasters (Elf:3)
  28 acid blobs
  9 quicksilver dragons
  13 ancient champions
  13 tentacled starspawn
  12 sphinxes
  Frances (D:14)
  Gastronok (Lair:1)
  6 death cobs
  Roxanne (Spider:2)
  3 thorn hunters
  17 shadow dragons
  5 revenants
  13 tengu reavers
  11 rockslimes
  2 draconian monks
  17 storm dragons
  6 nagarajas (Depths:4)
  Donald (Crypt:2)
  8 frost giants
  13 azure jellies
  6 emperor scorpions
  13 vault wardens
  6 draconian knights
  Aizul (Spider:1)
  5 draconian scorchers
  15 fire giants
  5 iron dragons
  4 draconian shifters
  A curse skull (Crypt:3)
  A deep elf elementalist (Elf:3)
  10 deep elf sorcerers
  8 ghost moths
  2 caustic shrike zombies
  Louise (Depths:3)
  4 cacodemons
  2 orc warlords
  3 draconian annihilators
  4 draconian stormcallers
  A juggernaut zombie (Hell)
  16 ironbound preservers
  8 ironbound thunderhulks
  3 broodmothers
  10 quicksilver oozes
  A spriggan defender (Depths:2)
  2 angels (Abyss:3)
  3 ghouls (Swamp:4)
  8 reapers
  6 war gargoyles
  25 stone giants
  A putrid mouth (Hell)
  32 very ugly things
  17 green draconians
  An ophan (Abyss:2)
  5 eleionomae
  3 lorocyprocas
  7 vampire knights
  2 bennus (Tomb:1)
  3 bunyips
  8 deep elf demonologists
  20 dire elephants
  A minotaur (Gauntlet)
  Azrael (Elf:1)
  13 red draconians
  8 yellow draconians
  9 black draconians
  7 white draconians
  10 deep elf annihilators
  A spark wasp (shapeshifter) (Depths:3)
  An eidolon (Crypt:2)
  6 spark wasps
  11 purple draconians
  10 ettins
  An iron golem (Hell)
  Josephine (D:15)
  3 blizzard demons
  2 crystal guardians
  5 deep elf death magi
  A green death (Hell)
  A merfolk javelineer (Depths:3)
  15 jiangshi
  11 mummy priests
  13 fire dragons
  15 yaktaur captains
  An entropy weaver (shapeshifter) (D:15)
  A shambling mangrove (Swamp:2)
  26 vault guards
  A spriggan zombie (Abyss:2)
  Erolcha (D:10)
  A kraken zombie (Hell)
  5 deep elf high priests (Elf:3)
  4 entropy weavers
  9 great orbs of eyes
  6 rakshasas
  13 hydras
  A quicksilver dragon zombie (Crypt:3)
  A caustic shrike simulacrum (Crypt:3)
  2 ogre magi (Vaults:5)
  3 jorogumos
  14 centaur warriors
  A hell beast (D:2)
  3 radroaches
  2 spriggan air magi
  14 ice dragons
  A ghost crab (Swamp:3)
  Erica (Lair:1)
  9 boulder beetles
  A juggernaut simulacrum (Hell)
  A catoblepas (Lair:5)
  4 peacekeepers
  6 ironbound frosthearts
  10 naga warriors (Depths:4)
  3 spriggan skeletons
  3 anacondas (Depths:4)
  29 dancing weapons
  13 deep troll shamans
  15 death scarabs (Tomb:1)
  3 death knights
  A two-headed ogre (shapeshifter) (D:15)
  12 deep troll earth magi
  7 alligators
  4 death yaks
  7 two-headed ogres
  6 tengu warriors
  10 spriggan berserkers
  6 vampire magi
  6 soul eaters
  A shock serpent (shapeshifter) (Vaults:5)
  13 deep elf knights
  19 hell hogs
  10 hell knights
  3 orc high priests
  2 titan skeletons
  A wretched star (Abyss:2)
  7 sun demons
  2 thrashing horrors
  31 skeletal warriors
  A golden dragon zombie (Vaults:3)
  5 sixfirhies
  2 sun moths (Spider:4)
  3 shadow wraiths
  A storm dragon skeleton (Crypt:3)
  3 flayed ghosts
  4 goliath frogs
  3 skysharks
  9 glowing orange brains
  12 iron trolls
  6 orb spiders
  57 deep trolls
  2 anaconda zombies
  A pharaoh ant (Spider:2)
  4 orange crystal statues
  2 spriggan druids
  A tengu zombie (Vaults:3)
  3 sea snakes (Depths:4)
  9 swamp dragons
  Pikel (D:6)
  A bunyip skeleton (Crypt:3)
  6 deep elf archers
  7 lindwurms
  11 ironbound convokers
  6 bog bodies
  The ghost of MCDelver the Arsonist, a novice OpFE of Gozag (D:8)
  19 phantasmal warriors
  23 deep elf pyromancers
  13 wizards
  2 starcursed masses (Abyss:3)
  7 harpies (Vaults:3)
  30 deep elf zephyrmancers
  14 necromancers
  8 orc knights
  10 steelbarb worms
  A wolf spider zombie (Crypt:2)
  An anaconda skeleton (Hell)
  2 shining eyes
  32 ugly things
  3 orc sorcerers (Orc:2)
  A shadow dragon skeleton (Crypt:2)
  8 wolf spiders
  A jorogumo skeleton (Crypt:1)
  3 manticores
  6 will-o-the-wisps
  2 cyclopes (D:14)
  7 worldbinders
  A frost giant zombie (Vaults:3)
  A naga zombie (Crypt:2)
  A human skeleton (Tomb:1)
  An elephant (shapeshifter) (Elf:3)
  15 elephants
  36 moths of wrath
  10 demonic crawlers
  A guardian serpent (shapeshifter) (Vaults:5)
  A goliath frog skeleton (Crypt:3)
  2 centaur zombies
  Joseph (D:7)
  9 black mambas
  3 naga magi
  18 vault sentinels
  2 torpor snails
  4 ice statues
  A white draconian zombie (Crypt:1)
  6 eyes of devastation
  3 guardian serpents (Depths:4)
  5 orange demons
  6 rust devils
  A dire elephant zombie (Crypt:3)
  8 smoke demons
  19 cane toads
  A black draconian zombie (Crypt:1)
  7 rime drakes
  4 unseen horrors
  42 yaktaurs
  A minotaur zombie (Crypt:2)
  A hellion (D:13)
  11 freezing wraiths
  6 tengu conjurers
  An elephant slug zombie (Crypt:3)
  5 komodo dragons
  An anaconda simulacrum (IceCv)
  9 guardian mummies
  8 ice devils
  3 meliai (Spider:2)
  An efreet (D:13)
  A green draconian skeleton (Crypt:2)
  13 trolls
  3 ancient zymes
  A sea snake skeleton (Crypt:2)
  5 hydra zombies
  2 hellwings (Depths:4)
  A meliai (shapeshifter) (Elf:1)
  4 polar bears
  25 hornets
  A grey draconian skeleton (Crypt:1)
  16 tarantellas
  7 tyrant leeches
  6 raiju
  10 blink frogs
  3 dream sheep (Lair:5)
  An alligator zombie (Hell)
  11 large abominations
  91 slime creatures
  37 jumping spiders
  20 flying skulls
  Sigmund (D:4)
  19 culicivoras
  5 air elementals
  7 wyverns
  A vampire (D:10)
  48 yaks
  8 water elementals
  15 wraiths
  An alligator skeleton (Hell)
  8 small abominations
  A shadow (D:9)
  2 fire bats
  19 spriggans
  A ynoxinul (Abyss:2)
  A dire elephant simulacrum (IceCv)
  4 ushabtiu
  6 fire elementals
  3 golden eyes (Slime:4)
  10 basilisks
  3 chaos spawn
  A redback (shapeshifter) (Vaults:5)
  A black mamba skeleton (Tomb:1)
  2 steam dragons
  55 redbacks
  A human simulacrum (Vaults:3)
  2 neqoxecs
  4 vampire mosquitoes (Swamp:2)
  19 swamp worms
  4 swamp worm simulacra (Swamp:4)
  2 harpy simulacra
  A cane toad zombie (Crypt:3)
  3 death yak simulacra (IceCv)
  2 fire bat zombies
  An acid dragon (shapeshifter) (Vaults:5)
  3 acid dragons
  14 hydra simulacra
  A merfolk zombie (Crypt:2)
  A two-headed ogre zombie (Crypt:2)
  A warg (Orc:2)
  A naga (Depths:4)
  Duvessa (D:5)
  15 hell hounds
  24 water moccasins
  A demonspawn skeleton (Crypt:3)
  A deep troll skeleton (Crypt:3)
  35 orc warriors
  3 swamp drakes (Swamp:1)
  Pargi (Sewer)
  A black bear (shapeshifter) (D:15)
  An alligator simulacrum (Hell)
  4 ice beasts
  10 ogres
  3 black bears
  2 sky beasts (D:6)
  19 wolves
  9 boggarts
  2 phantoms (D:6)
  5 centaurs
  2 lemures (D:6)
  A rime drake skeleton (Crypt:1)
  3 necrophages
  2 kobold brigands (D:9)
  6 earth elementals
  14 gnoll sergeants
  Blork the orc (D:4)
  11 bullfrogs
  3 scorpions
  A cane toad simulacrum (IceCv)
  A cyclops zombie (Crypt:2)
  3 two-headed ogre simulacra (IceCv)
  11 wights
  Dowan (D:5)
  6 killer bees (D:8)
  2 howler monkeys (D:9)
  5 electric eels
  A troll skeleton (Crypt:1)
  8 jellies
  2 quasits (Abyss:2)
  22 orc priests
  4 hounds
  8 gnoll boudas
  2 iron imps
  3 iguanas
  17 orc wizards
  Natasha (twice) (D:4)
  17 hell rats
  3 spriggan simulacra (IceCv)
  A troll simulacrum (IceCv)
  13 mummies (Tomb:1)
  7 adders
  25 gnolls
  A river rat (D:3)
  A naga simulacrum (IceCv)
  5 white imps
  3 ufetubi (IceCv)
  4 swamp drake simulacra (Swamp:4)
  A jelly zombie (Crypt:3)
  3 worms
  A dart slug (D:4)
  83 orcs
  8 bats
  6 endoplasms
  6 giant cockroaches
  7 goblins
  6 hobgoblins
  6 jackals
  12 kobolds
  4 quokkas
  2 river rat zombies
  3 training dummies (D:15)
  10 ball pythons
  2 frilled lizards (Sewer)
  A gnoll skeleton (Crypt:1)
  A goblin skeleton (Crypt:3)
  A hobgoblin skeleton (Crypt:2)
  2 orc skeletons
  6 rats
  2 ball lightnings (D:15)
  5 briar patches (Swamp:2)
  A creeping inferno (Hell)
  2 fire vortices (Hell)
  17 starspawn tentacles
  3 tentacles (Hell)
  12 withered plants (Crypt:3)
2800 creatures vanquished.

Vanquished Creatures (others)
  A pandemonium lord (D:15)
  A lich (D:15)
  A very ugly thing (Vaults:5)
  2 alligators
  2 deep elf knights (Elf:2)
  A swamp dragon (Swamp:2)
  A deep elf zephyrmancer (Elf:2)
  A phantasmal warrior (Vaults:5)
  2 large abominations (Elf:1)
  A vault sentinel (Vaults:5)
  3 bloated husks
  2 tyrant leeches (Swamp:3)
  An alligator zombie (Hell)
  A redback (Spider:4)
  A swamp worm (Swamp:4)
  A centaur (D:13)
  An elf zombie (Elf:1)
  3 ball lightnings (D:15)
  3 briar patches (Swamp:2)
  14 demonic plants (Gauntlet)
  22 foxfires
  26 fungi
  A lurking horror (Abyss:2)
  48 plants
  21 starspawn tentacles
  A tentacle (Hell)
  10 withered plants (Crypt:3)
172 creatures vanquished.

Grand Total: 2972 creatures vanquished

Notes
Turn   | Place    | Note
-------+----------+-------------------------------------------
     0 | D:1      | Anon1729 the Minotaur Monk began the quest for the Orb.
     0 | D:1      | Reached XP level 1. HP: 19/19 MP: 0/0
   125 | D:1      | Found a faded altar of an unknown god.
   667 | D:2      | Reached XP level 2. HP: 27/27 MP: 1/1
   702 | D:2      | Reached skill level 1 in Armour
   710 | D:2      | Reached XP level 3. HP: 9/33 MP: 2/2
  1228 | D:2      | Found an ornate altar of the Wu Jian Council.
  1486 | D:3      | Reached XP level 4. HP: 35/41 MP: 3/3
  1624 | D:3      | Found a glowing drain.
  1643 | Sewer    | Entered a sewer
  1751 | Sewer    | Noticed Pargi
  1754 | Sewer    | Gained mutation: You have hidden genetic potential. [potion
                  | of mutation]
  1754 | Sewer    | Gained mutation: Your body sometimes deteriorates upon
                  | taking damage. [potion of mutation]
  1754 | Sewer    | Gained mutation: You are partially covered in large bone
                  | plates. (SH +4) [potion of mutation]
  1754 | Sewer    | Gained mutation: Your mind is acute. (Int +4, Str/Dex -1)
                  | [potion of mutation]
  1765 | Sewer    | Killed Pargi
  1766 | Sewer    | Reached skill level 5 in Fighting
  1766 | Sewer    | Reached XP level 5. HP: 39/48 MP: 4/4
  1778 | Sewer    | Gained mutation: You are partially covered in iridescent
                  | scales. (AC +2) [hidden potential]
  2128 | D:3      | Reached skill level 5 in Axes
  2571 | D:4      | Noticed an ogre
  2761 | D:4      | Found a runed translucent door.
  2762 | D:4      | Noticed Crazy Yiuf
  2864 | D:4      | Reached XP level 6. HP: 53/56 MP: 5/5
  2887 | D:4      | Noticed Natasha
  2893 | D:4      | Killed Natasha
  2911 | D:4      | Gained mutation: Your flesh is heat resistant. (rF+)
                  | [hidden potential]
  2911 | D:4      | Lost mutation: You have hidden genetic potential. [hidden
                  | potential expressed]
  2937 | D:4      | Reached skill level 5 in Dodging
  3038 | D:4      | Noticed Blork the orc
  3048 | D:4      | Killed Blork the orc
  3049 | D:4      | Reached XP level 7. HP: 51/62 MP: 6/6
  3111 | D:4      | Noticed Natasha
  3116 | D:4      | Noticed Sigmund
  3122 | D:4      | Killed Natasha
  3130 | D:4      | Killed Sigmund
  3402 | D:5      | Entered Level 5 of the Dungeon
  3448 | D:5      | Noticed Duvessa
  3448 | D:5      | Noticed Dowan
  3477 | D:5      | Killed Duvessa
  3631 | D:5      | Killed Dowan
  3632 | D:5      | Reached skill level 5 in Armour
  3764 | D:5      | Found a staircase to the Ecumenical Temple.
  3779 | Temple   | Entered the Ecumenical Temple
  3779 | Temple   | Found a transporter.
  3779 | Temple   | Found a transporter.
  3781 | Temple   | Found a transporter.
  3781 | Temple   | Found a transporter.
  3796 | Temple   | Became a worshipper of Qazlal Stormbringer
  3796 | Temple   | Reached * piety under Qazlal
  3796 | Temple   | Reached ** piety under Qazlal
  3839 | D:5      | Reached XP level 8. HP: 59/71 MP: 7/7
  3928 | D:5      | Reached skill level 1 in Invocations
  5005 | D:6      | Reached XP level 9. HP: 56/79 MP: 9/11
  5145 | D:6      | Noticed a troll
  5206 | D:6      | Reached *** piety under Qazlal
  5207 | D:6      | Reached skill level 5 in Invocations
  5212 | D:6      | Killed a troll
  5399 | D:6      | Found a transporter.
  5401 | D:6      | Identified the +4 great mace "Odon" {protect, +Blink rC+
                  | Will+ Dex-4}
  5401 | D:6      | Noticed a two-headed ogre
  5402 | D:6      | Found a transporter.
  5402 | D:6      | Noticed Armakuni's ghost (weakling HuDe)
  5428 | D:6      | Noticed Pikel
  5438 | D:6      | Killed Pikel
  5492 | D:6      | Found Ymimac's Antique Weapon Emporium.
  5832 | D:7      | Reached XP level 10. HP: 90/90 MP: 13/13
  5851 | D:7      | Noticed Joseph
  5873 | D:7      | Killed Joseph
  6309 | D:8      | Identified the +9 chain mail "Uqoi" {rPois Int-2 Stlth+}
  6469 | D:8      | Found a transporter.
  6470 | D:8      | Found a transporter.
  6537 | D:8      | Identified the ring of Atathrug {Str+2 Dex+6}
  6539 | D:8      | Noticed MCDelver's ghost (novice OpFE)
  6559 | D:8      | Reached **** piety under Qazlal
  6855 | D:8      | Found a radiant altar of Vehumet.
  6855 | D:8      | Found a shimmering altar of Xom.
  7068 | D:8      | Killed MCDelver's ghost
  7378 | D:9      | Found a staircase to the Lair.
  7501 | D:9      | Noticed a two-headed ogre
  7511 | D:9      | Killed a two-headed ogre
  7512 | D:9      | Reached skill level 10 in Axes
  7512 | D:9      | Reached XP level 11. HP: 72/99 MP: 16/16
  7536 | D:9      | Reached ***** piety under Qazlal
  7730 | D:9      | Found a flagged portal.
  7744 | Bailey   | Entered a bailey
  7899 | Bailey   | Reached skill level 10 in Fighting
  8123 | Bailey   | Got the Papyrus of the Wary Gods
  8162 | Bailey   | Identified 2 scrolls of acquirement
  8169 | Bailey   | Acquired a +0 crystal plate armour
  8213 | D:9      | Acquired the ring "Huzxuab" {Fly rF+ Str-2 Slay+6}
  8558 | D:10     | Entered Level 10 of the Dungeon
  8563 | D:10     | Noticed a two-headed ogre
  8564 | D:10     | Noticed an orc knight
  8568 | D:10     | Killed a two-headed ogre
  8577 | D:10     | Killed an orc knight
  8763 | D:10     | Found a staircase to the Orcish Mines.
  8823 | D:10     | Noticed Erolcha
  8831 | D:10     | Killed Erolcha
  9022 | D:10     | Got the Spellbook of the Volcano and Austromancy
  9042 | D:10     | Found a blossoming altar of Fedhas.
  9309 | Lair:1   | Entered Level 1 of the Lair of Beasts
  9333 | Lair:1   | Reached skill level 10 in Invocations
  9375 | Lair:1   | Noticed Erica
  9383 | Lair:1   | Killed Erica
  9384 | Lair:1   | Reached XP level 12. HP: 103/108 MP: 18/18
  9387 | Lair:1   | Reached skill level 10 in Dodging
  9390 | Lair:1   | Reached skill level 10 in Armour
  9396 | Lair:1   | Reached ****** piety under Qazlal
  9609 | Lair:1   | Noticed Gastronok
  9706 | Lair:1   | Killed Gastronok
 10651 | Lair:2   | Reached skill level 15 in Axes
 10831 | Lair:2   | Noticed a death yak
 10833 | Lair:2   | Reached XP level 13. HP: 117/117 MP: 20/20
 11955 | Lair:3   | Found a hole to the Spider Nest.
 12079 | Lair:3   | Found a staircase to the Swamp.
 12329 | Lair:4   | Identified the +0 helmet of the Mackerel {rPois rN+ Str+6
                  | Int-3}
 13218 | Lair:5   | Entered Level 5 of the Lair of Beasts
 13633 | Lair:5   | Reached XP level 14. HP: 117/127 MP: 22/22
 14306 | Lair:5   | Found a staircase to the Slime Pits.
 14315 | Lair:5   | Identified the +6 war axe of Dissent {antimagic, SInv
                  | Stlth+}
 15034 | Lair:5   | Identified the +2 robe of Ymivvuoj {Int+3}
 15236 | Orc:1    | Entered Level 1 of the Orcish Mines
 15494 | Orc:1    | Found a runed translucent door.
 15873 | Orc:1    | Found Kuyzup's Magic Scroll Emporium.
 15882 | Orc:1    | Bought a scroll of teleportation for 33 gold pieces
 15882 | Orc:1    | Bought a scroll of identify for 22 gold pieces
 15882 | Orc:1    | Bought a scroll of teleportation for 33 gold pieces
 15882 | Orc:1    | Bought a scroll of teleportation for 33 gold pieces
 15882 | Orc:1    | Bought a scroll of identify for 22 gold pieces
 16098 | Orc:1    | Paralysed by something for 3 turns
 16186 | Orc:2    | Entered Level 2 of the Orcish Mines
 16186 | Orc:2    | Found Poablut's Antique Weapon Boutique.
 16186 | Orc:2    | Found a staircase to the Elven Halls.
 16187 | Orc:2    | Found Ygonie's Weapon Shop.
 16187 | Orc:2    | Found Vuetuof's Antique Weapon Shoppe.
 16187 | Orc:2    | Noticed an orc warlord
 16203 | Orc:1    | Killed an orc warlord
 16391 | Orc:2    | Bought a translucent war axe for 238 gold pieces
 16391 | Orc:2    | Identified the +7 war axe of a wizard's laboratory {freeze,
                  | rPois rF+ Str-2 Dex+7} (You bought it in a shop on level 2
                  | of the Orcish Mines)
 16631 | Orc:2    | Paralysed by an orc sorcerer for 4 turns
 16975 | Orc:2    | Found Hixirur's Book Boutique.
 17000 | Orc:2    | Found Kuxujat's General Store.
 17008 | Orc:2    | Bought a scroll of teleportation for 48 gold pieces
 17008 | Orc:2    | Bought a scroll of fog for 64 gold pieces
 17008 | Orc:2    | Bought a potion of berserk rage for 80 gold pieces
 17145 | Orc:2    | Found Tuaran's Antique Armour Shoppe.
 17238 | Orc:2    | Found Namneenta's Antique Weapon Boutique.
 17297 | Orc:2    | Found Pairui's Jewellery Emporium.
 17340 | Orc:2    | Found Oplogob's Magic Scroll Boutique.
 17348 | Orc:2    | Bought a scroll of immolation for 56 gold pieces
 17348 | Orc:2    | Bought a scroll of identify for 28 gold pieces
 17348 | Orc:2    | Bought a scroll of teleportation for 42 gold pieces
 17348 | Orc:2    | Bought a scroll of fear for 56 gold pieces
 17348 | Orc:2    | Bought a scroll of identify for 28 gold pieces
 17348 | Orc:2    | Bought a scroll of fog for 56 gold pieces
 17348 | Orc:2    | Bought a scroll of brand weapon for 133 gold pieces
 17348 | Orc:2    | Bought a scroll of teleportation for 42 gold pieces
 17348 | Orc:2    | Bought a scroll of poison for 56 gold pieces
 17348 | Orc:2    | Bought a scroll of brand weapon for 133 gold pieces
 17598 | Elf:1    | Entered Level 1 of the Elven Halls
 17725 | Elf:1    | Noticed a deep elf sorcerer
 17730 | Elf:1    | Killed a deep elf sorcerer
 17914 | Elf:1    | Reached XP level 15. HP: 136/136 MP: 24/24
 18125 | Elf:1    | Found an ancient bone altar of Kikubaaqudgha.
 18515 | Elf:1    | Paralysed by an air elemental for 1 turns
 18623 | Elf:1    | Noticed Azrael
 18634 | Elf:1    | Killed Azrael
 18756 | Elf:1    | Got the Precepts of Darkness
 19840 | Elf:2    | Reached skill level 15 in Invocations
 19985 | Elf:2    | Found a runed translucent gate.
 19986 | Elf:2    | Found a runed translucent gate.
 19986 | Elf:2    | Found a runed translucent gate.
 20054 | Elf:2    | Noticed a deep elf sorcerer
 20062 | Elf:2    | Killed a deep elf sorcerer
 20082 | Elf:2    | Paralysed by an air elemental for 1 turns
 20366 | Elf:2    | Reached skill level 15 in Armour
 20640 | Elf:2    | Reached XP level 16. HP: 83/147 MP: 5/26
 21395 | Elf:3    | Entered Level 3 of the Elven Halls
 21445 | Elf:3    | Paralysed by an air elemental for 1 turns
 21765 | Elf:2    | Found a radiant altar of Vehumet.
 22487 | Elf:3    | Noticed a Brimstone Fiend
 22615 | Elf:3    | Identified the +3 great mace of Putrescence {speed, Contam
                  | +Blink rPois Dex+3}
 22645 | Elf:3    | Noticed a Tzitzimitl
 22669 | Elf:3    | Reached skill level 15 in Fighting
 22947 | Elf:3    | Identified the +6 chain mail "Weyguem" {Dex+4}
 22947 | Elf:3    | Identified the ring of Kuacla Uteb {rPois rC+ rCorr Stlth+}
 22947 | Elf:3    | Noticed a deep elf blademaster
 22961 | Elf:3    | Killed a deep elf blademaster
 23381 | Elf:3    | Noticed a deep elf blademaster
 23400 | Elf:3    | Killed a deep elf blademaster
 23412 | Elf:3    | Identified the +3 war axe of the Endless Expanse {freeze,
                  | rElec Str+2 Int+2}
 23464 | Elf:3    | Noticed a deep elf master archer
 23480 | Elf:3    | Killed a deep elf master archer
 23513 | Elf:3    | Identified the ring of Eternity {rCorr MP+9 Slay+2 Stlth+}
 23784 | Elf:3    | Identified the +0 shortbow "Astid" {freeze, Dex+5}
 24163 | Spider:1 | Entered Level 1 of the Spider Nest
 24379 | Spider:1 | Noticed Aizul
 24399 | Spider:1 | Killed Aizul
 24455 | Spider:1 | Reached XP level 17. HP: 147/156 MP: 28/28
 24956 | Spider:2 | Identified Roxanne's Cyclopedia of the Ground
 24956 | Spider:2 | Noticed Roxanne
 25175 | Spider:2 | Noticed Arachne
 25193 | Spider:2 | Killed Arachne
 25852 | Spider:2 | Killed Roxanne
 26970 | Spider:4 | Entered Level 4 of the Spider Nest
 27163 | Spider:4 | Reached skill level 15 in Dodging
 27655 | Spider:4 | Reached XP level 18. HP: 142/166 MP: 0/29
 27902 | Spider:4 | Got a gossamer rune of Zot
 27926 | Spider:4 | Identified the +5 pair of gloves of Poutorete {rCorr}
 27980 | Spider:4 | Identified the +0 plate armour of Lugonu, Freezing {rElec
                  | rF- rN++ Dex+4}
 28183 | Swamp:1  | Entered Level 1 of the Swamp
 28262 | Swamp:1  | Found a hide-covered altar of Uskayaw.
 29684 | Swamp:2  | Found the +8 storm bow {elec, penet}
 30340 | Swamp:3  | Got the Compendium of Inflammable Curses
 30436 | Swamp:4  | Entered Level 4 of the Swamp
 31636 | Swamp:4  | Got a decaying rune of Zot
 32115 | D:11     | Identified the amulet of Nuol Soani {Fragile rN+++ Regen+
                  | Slay-2}
 32401 | D:11     | Identified the +0 robe of the Komodo Dragon {MP+9 Int-3
                  | Dex-5 Stlth+}
 33262 | D:13     | Found a gate to the Vaults.
 33483 | D:13     | Found a frozen archway.
 33493 | IceCv    | Entered an ice cave
 33508 | IceCv    | Reached XP level 19. HP: 170/177 MP: 31/31
 33978 | D:13     | Found a sacrificial altar of Ru.
 34233 | D:13     | Found a portal to a secret trove of treasure.
 34527 | D:13     | You paid a toll of +3 fire dragon scales to enter a
                  | treasure trove
 34528 | Trove    | Entered a treasure trove
 34614 | Trove    | Got Amout's Spellbook of Feathers
 34623 | Trove    | Got Sif Muna's Secrets of Moulding and Immolation
 34719 | D:14     | Noticed Frances
 34725 | D:14     | Killed Frances
 34791 | D:14     | Identified the +6 halberd of Curhat {drain, MP+9 Str+5}
 34892 | D:14     | Found a gate leading to a gauntlet.
 34911 | Gauntlet | Entered a Gauntlet
 34918 | Gauntlet | Found a transporter.
 34918 | Gauntlet | Found a transporter.
 34926 | Gauntlet | Found a transporter.
 34930 | Gauntlet | Found a transporter.
 34941 | Gauntlet | Found a transporter.
 34995 | Gauntlet | Found a transporter.
 35014 | Gauntlet | Found a transporter.
 35032 | Gauntlet | Found a transporter.
 35033 | Gauntlet | Found a transporter.
 35043 | Gauntlet | Found a transporter.
 35048 | Gauntlet | Found a transporter.
 35057 | Gauntlet | Found a transporter.
 35192 | Gauntlet | Identified the ring "Joiruwk" {rC+ rN+ Str+3 Dex+3}
 35256 | Gauntlet | Identified the ring of Zogg {Fly rN+ Str+2}
 35382 | Gauntlet | Identified the -1 hat of a sewer {Str+4}
 35386 | Gauntlet | Identified the ring "Paudaush" {rC+ MP+9}
 36014 | D:15     | Entered Level 15 of the Dungeon
 36061 | D:15     | Found Okanlua's Firing Range.
 36083 | D:15     | Bought a manual of Throwing for 1200 gold pieces
 36316 | D:15     | Found a staircase to the Depths.
 36429 | D:15     | Noticed Josephine
 36436 | D:15     | Killed Josephine
 37041 | Depths:1 | Entered Level 1 of the Depths
 37687 | Depths:1 | Found a gateway to Hell.
 37693 | Depths:1 | Noticed Asterion
 37702 | Depths:1 | Killed Asterion
 38096 | Depths:1 | Found a one-way gate to the infinite horrors of the Abyss.
 38238 | Depths:1 | Found Nowialewn's Changing Room.
 38249 | Depths:1 | Bought a potion of mutation for 160 gold pieces
 38249 | Depths:1 | Bought a potion of mutation for 160 gold pieces
 38249 | Depths:1 | Bought a potion of mutation for 160 gold pieces
 38311 | Depths:1 | Found a one-way gateway to a ziggurat.
 38574 | Depths:1 | Found a one-way gate leading to the halls of Pandemonium.
 38579 | Depths:1 | Gained mutation: You sometimes lose your temper in combat.
                  | [a neqoxec]
 38970 | Depths:2 | Lost mutation: You sometimes lose your temper in combat.
                  | [potion of mutation]
 38970 | Depths:2 | Lost mutation: You are partially covered in large bone
                  | plates. (SH +4) [potion of mutation]
 38970 | Depths:2 | Gained mutation: You are clumsy. (Dex -2) [potion of
                  | mutation]
 38970 | Depths:2 | Gained mutation: Potions are less effective at restoring
                  | your health. [potion of mutation]
 38971 | Depths:2 | Lost mutation: Your mind is acute. (Int +4, Str/Dex -1)
                  | [potion of mutation]
 38971 | Depths:2 | Lost mutation: You are partially covered in iridescent
                  | scales. (AC +2) [potion of mutation]
 38971 | Depths:2 | Lost mutation: Your flesh is heat resistant. (rF+) [potion
                  | of mutation]
 38971 | Depths:2 | Gained mutation: You occasionally shout uncontrollably at
                  | your foes. [potion of mutation]
 38981 | Depths:1 | Lost mutation: You occasionally shout uncontrollably at
                  | your foes. [potion of mutation]
 38981 | Depths:1 | Lost mutation: You are clumsy. (Dex -2) [potion of
                  | mutation]
 38981 | Depths:1 | Lost mutation: Potions are less effective at restoring your
                  | health. [potion of mutation]
 38981 | Depths:1 | Gained mutation: You are robust. (+10% HP) [potion of
                  | mutation]
 38981 | Depths:1 | Gained mutation: You have supernaturally acute eyesight.
                  | (SInv) [potion of mutation]
 39812 | Depths:2 | Reached XP level 20. HP: 101/205 MP: 33/33
 40419 | Depths:2 | Found Puept's Distillery.
 40421 | Depths:2 | Found Ymik's Antique Armour Shop.
 40423 | Depths:2 | Found Xarib's Distillery.
 40426 | Depths:2 | Bought a potion of haste for 160 gold pieces
 40426 | Depths:2 | Bought a potion of haste for 160 gold pieces
 40426 | Depths:2 | Bought a potion of resistance for 160 gold pieces
 40432 | Depths:2 | Bought a potion of mutation for 112 gold pieces
 40432 | Depths:2 | Bought a potion of haste for 140 gold pieces
 40432 | Depths:2 | Bought a potion of curing for 42 gold pieces
 40432 | Depths:2 | Bought a potion of heal wounds for 70 gold pieces
 40432 | Depths:2 | Bought a potion of curing for 42 gold pieces
 40443 | Depths:2 | Gained mutation: You are clumsy. (Dex -2) [a cacodemon]
 40447 | Depths:2 | Gained mutation: You occasionally lose the ability to drink
                  | potions when taking damage. [a neqoxec]
 42158 | Depths:3 | Noticed Louise
 42176 | Depths:3 | Killed Louise
 42988 | Depths:3 | Paralysed by a sphinx for 4 turns
 43051 | Depths:3 | Noticed a caustic shrike
 43058 | Depths:3 | Killed a caustic shrike
 43259 | Depths:3 | Identified the ring of Fyopp {rPois rC+ MP+9 Dex+6}
 43271 | Depths:3 | Noticed a golden dragon
 43276 | Depths:3 | Noticed a caustic shrike
 43706 | Depths:3 | Killed a caustic shrike
 43720 | Depths:3 | Killed a golden dragon
 44200 | Depths:3 | Got the Cyclopedia of the Tick
 44433 | Depths:3 | Identified the +12 chain mail of Yzxul {rF+ Str+4}
 44730 | Depths:3 | Found an ornate altar of the Wu Jian Council.
 44978 | Depths:4 | Entered Level 4 of the Depths
 44990 | Depths:4 | Reached XP level 21. HP: 96/214 MP: 7/35
 45314 | Depths:4 | Found a white marble altar of Elyvilon.
 46605 | Depths:4 | Found a gate to the Realm of Zot.
 47655 | Vaults:1 | Entered Level 1 of the Vaults
 48168 | Vaults:1 | Reached XP level 22. HP: 225/226 MP: 36/36
 49171 | Vaults:2 | Identified the +5 dagger "Tixep" {speed, rPois Str+3}
 50241 | Vaults:2 | Paralysed by a great orb of eyes for 3 turns
 50326 | Vaults:2 | Found a staircase to the Crypt.
 50489 | Vaults:2 | Lost mutation: You have supernaturally acute eyesight.
                  | (SInv) [potion of mutation]
 50489 | Vaults:2 | Lost mutation: You are clumsy. (Dex -2) [potion of
                  | mutation]
 50489 | Vaults:2 | Lost mutation: You occasionally lose the ability to drink
                  | potions when taking damage. [potion of mutation]
 50489 | Vaults:2 | Gained mutation: You have hidden genetic potential. [potion
                  | of mutation]
 50489 | Vaults:2 | Gained mutation: You have sharp toenails. [potion of
                  | mutation]
 50497 | Vaults:2 | Found a radiant altar of Vehumet.
 50510 | Vaults:2 | Identified the +0 hat of Terror {rN+ Stlth+}
 50549 | Vaults:2 | Identified the -1 hat of Plasticity {rPois rCorr Int-4
                  | Dex+5}
 51747 | Vaults:3 | Paralysed by a sphinx for 2 turns
 52147 | Vaults:3 | Noticed Bai Suzhen
 52153 | Vaults:3 | Killed Bai Suzhen
 53373 | Vaults:4 | Reached XP level 23. HP: 199/237 MP: 37/37
 53716 | Vaults:4 | Reached skill level 1 in Throwing
 54255 | Vaults:5 | Entered Level 5 of the Vaults
 54387 | Vaults:5 | Reached skill level 5 in Throwing
 54401 | Vaults:5 | Gained mutation: You are partially covered in iridescent
                  | scales. (AC +2) [hidden potential]
 54439 | Vaults:5 | Noticed an ancient lich
 54468 | Vaults:4 | Killed an ancient lich
 54903 | Abyss:2  | Cast into level 2 of the Abyss (a deep elf demonologist)
 54969 | Abyss:2  | Found a corrupted altar of Lugonu.
 55178 | Vaults:5 | Escaped the Abyss
 55182 | Vaults:5 | Noticed a dread lich
 55194 | Vaults:5 | Killed a dread lich
 55407 | Vaults:5 | Reached XP level 24. HP: 179/248 MP: 12/38
 55413 | Vaults:5 | Noticed a dread lich
 55593 | Vaults:5 | Killed a dread lich
 55993 | Vaults:5 | Reached skill level 10 in Throwing
 56012 | Vaults:5 | Found Peipao Woora's Jewellery Shoppe.
 56077 | Vaults:5 | Found Cinwoggoe's Jewellery Shoppe.
 56089 | Vaults:5 | Got a silver rune of Zot
 56222 | Vaults:5 | Found Lall's Magic Scroll Shoppe.
 56229 | Vaults:5 | Bought a scroll of blinking for 127 gold pieces
 56229 | Vaults:5 | Bought a scroll of blinking for 127 gold pieces
 56229 | Vaults:5 | Bought a scroll of immolation for 68 gold pieces
 56229 | Vaults:5 | Bought a scroll of poison for 68 gold pieces
 56642 | Vaults:5 | Found Vaqour's Distillery.
 56647 | Vaults:5 | Bought a potion of lignification for 66 gold pieces
 56647 | Vaults:5 | Bought a potion of attraction for 66 gold pieces
 56647 | Vaults:5 | Bought a potion of berserk rage for 110 gold pieces
 56647 | Vaults:5 | Bought a potion of cancellation for 176 gold pieces
 56647 | Vaults:5 | Bought a potion of heal wounds for 110 gold pieces
 56666 | Vaults:5 | Found Ilyxuof's Magic Scroll Boutique.
 56673 | Vaults:5 | Bought a scroll of blinking for 165 gold pieces
 56673 | Vaults:5 | Bought a scroll of enchant armour for 165 gold pieces
 56673 | Vaults:5 | Bought a scroll of immolation for 88 gold pieces
 56747 | Vaults:5 | Acquired the +3 pair of gauntlets of War {Slay+5}
 56747 | Vaults:5 | Found the +3 pair of gauntlets of War {Slay+5}
 56867 | Crypt:1  | Entered Level 1 of the Crypt
 56917 | Crypt:1  | Paralysed by something for 4 turns
 56926 | Crypt:1  | Gained mutation: Your spells are a little harder to cast,
                  | but a little more powerful. [hidden potential]
 56926 | Crypt:1  | Lost mutation: You have hidden genetic potential. [hidden
                  | potential expressed]
 58129 | Crypt:2  | Noticed Donald
 58134 | Crypt:2  | Killed Donald
 58140 | Crypt:2  | Noticed Zenata
 58152 | Crypt:2  | Killed Zenata
 58175 | Crypt:2  | Noticed Vv
 58205 | Crypt:2  | Killed Vv
 59120 | Crypt:3  | Entered Level 3 of the Crypt
 59721 | Crypt:3  | Found a staircase to the Tomb.
 59787 | Crypt:3  | Reached XP level 25. HP: 242/259 MP: 38/38
 60087 | Crypt:3  | Found a basalt altar of Yredelemnul.
 60093 | Crypt:3  | Found an ancient bone altar of Kikubaaqudgha.
 60106 | Crypt:3  | Got Letun's Volume of Death
 60108 | Crypt:3  | Identified the ring "Pifohuri" {rF++ rC+ MP+9 Int+2 Dex-5}
 60371 | Tomb:1   | Entered Level 1 of the Tomb of the Ancients
 60927 | Tomb:1   | Noticed a royal mummy
 60942 | Tomb:1   | Killed a royal mummy
 61832 | Tomb:1   | Noticed a royal mummy
 61837 | Tomb:1   | Killed a royal mummy
 62053 | Tomb:1   | Identified the ring of Demons {rPois rC+}
 62336 | Tomb:1   | Acquired the +16 obsidian axe {drain, demonic, Mesm Drain
                  | Fly SInv}
 62336 | Tomb:1   | Found the +16 obsidian axe {drain, demonic, Mesm Drain Fly
                  | SInv}
 62752 | Zot:1    | Entered Level 1 of the Realm of Zot
 62762 | Zot:1    | Reached skill level 27 in Armour
 62774 | Zot:1    | Found the +4 dragonskin cloak
 62774 | Zot:1    | Noticed Tiamat
 64345 | Zot:1    | Killed Tiamat
 64458 | Zot:3    | Noticed an orb of fire
 64462 | Zot:3    | Killed an orb of fire
 64722 | Zot:3    | Reached skill level 15 in Throwing
 64743 | Zot:3    | Reached XP level 26. HP: 165/271 MP: 18/39
 65145 | Zot:3    | Identified the amulet of Satisfaction {Rampage Regen+ Int+3
                  | SInv}
 65343 | Zot:4    | Reached skill level 1 in Evocations
 66439 | Zot:4    | Found a runed translucent door.
 66442 | Zot:4    | Noticed tilp's ghost (veteran MeFi)
 66584 | Zot:4    | Killed tilp's ghost
 66672 | Zot:5    | Entered Level 5 of the Realm of Zot
 66681 | Zot:5    | Found a shimmering altar of Xom.
 66840 | Zot:5    | Reached skill level 5 in Evocations
 67018 | Zot:5    | Noticed an orb of fire
 67026 | Zot:5    | Gained mutation: You occasionally lose the ability to drink
                  | potions when taking damage. [an orb of fire]
 67031 | Zot:5    | Gained mutation: You have hidden genetic defects. [an orb
                  | of fire]
 67034 | Zot:5    | Killed an orb of fire
 67036 | Zot:5    | Noticed a dread lich
 67041 | Zot:5    | Killed a dread lich
 67131 | Zot:5    | Noticed an ancient lich
 67140 | Zot:5    | Killed an ancient lich
 67152 | Zot:5    | Noticed a dread lich
 67167 | Zot:5    | Killed a dread lich
 67196 | Zot:5    | Noticed an orb of fire
 67199 | Zot:5    | Gained mutation: You occasionally lose the ability to read
                  | scrolls when taking damage. [an orb of fire]
 67208 | Zot:5    | Killed an orb of fire
 67218 | Zot:5    | Noticed an orb of fire
 67223 | Zot:5    | Killed an orb of fire
 67223 | Zot:5    | Noticed an ancient lich
 67234 | Zot:5    | Gained mutation: You occasionally shout uncontrollably at
                  | your foes. [hidden defects]
 67241 | Zot:5    | Killed an ancient lich
 67494 | Zot:5    | Reached XP level 27. HP: 283/283 MP: 39/39
 67494 | Zot:5    | Noticed an orb of fire
 67497 | Zot:5    | Noticed an orb of fire
 67500 | Zot:5    | Gained mutation: Armour fits poorly on your strangely
                  | shaped body. [an orb of fire]
 67500 | Zot:5    | Gained mutation: You are dopey. (Int -2) [an orb of fire]
 67501 | Zot:5    | Killed an orb of fire
 67505 | Zot:5    | Noticed an orb of fire
 67509 | Zot:5    | Lost mutation: You are robust. (+10% HP) [an orb of fire]
 67510 | Zot:5    | Killed an orb of fire
 67512 | Zot:5    | Gained mutation: You are very dopey. (Int -4) [an orb of
                  | fire]
 67515 | Zot:5    | Gained mutation: Your body often deteriorates upon taking
                  | damage. [an orb of fire]
 67518 | Zot:5    | Killed an orb of fire
 67529 | Zot:5    | Gained mutation: You sometimes lose the ability to read
                  | scrolls when taking damage. [hidden defects]
 67529 | Zot:5    | Lost mutation: You have hidden genetic defects. [hidden
                  | defects expressed]
 67919 | Zot:5    | Lost mutation: You have sharp toenails. [potion of
                  | mutation]
 67919 | Zot:5    | Lost mutation: You occasionally shout uncontrollably at
                  | your foes. [potion of mutation]
 67919 | Zot:5    | Lost mutation: You occasionally lose the ability to drink
                  | potions when taking damage. [potion of mutation]
 67919 | Zot:5    | Gained mutation: You have sharp toenails. [potion of
                  | mutation]
 67919 | Zot:5    | Lost mutation: You are very dopey. (Int -4) [potion of
                  | mutation]
 67920 | Zot:5    | Lost mutation: You sometimes lose the ability to read
                  | scrolls when taking damage. [potion of mutation]
 67920 | Zot:5    | Lost mutation: You are dopey. (Int -2) [potion of mutation]
 67920 | Zot:5    | Gained mutation: You are robust. (+10% HP) [potion of
                  | mutation]
 67920 | Zot:5    | Gained mutation: You possess an exceptional clarity of
                  | mind. [potion of mutation]
 67920 | Zot:5    | Lost mutation: Armour fits poorly on your strangely shaped
                  | body. [potion of mutation]
 67921 | Zot:5    | Lost mutation: You possess an exceptional clarity of mind.
                  | [potion of mutation]
 67921 | Zot:5    | Lost mutation: You are partially covered in iridescent
                  | scales. (AC +2) [potion of mutation]
 67921 | Zot:5    | Gained mutation: Armour fits poorly on your strangely
                  | shaped body. [potion of mutation]
 67922 | Zot:5    | Lost mutation: You have sharp toenails. [potion of
                  | mutation]
 67922 | Zot:5    | Lost mutation: Your body often deteriorates upon taking
                  | damage. [potion of mutation]
 67923 | Zot:5    | Lost mutation: You occasionally lose the ability to read
                  | scrolls when taking damage. [potion of mutation]
 67923 | Zot:5    | Lost mutation: Your spells are a little harder to cast, but
                  | a little more powerful. [potion of mutation]
 67923 | Zot:5    | Gained mutation: You are agile. (Dex +4, Str/Int -1)
                  | [potion of mutation]
 67923 | Zot:5    | Gained mutation: You are weak. (Str -2) [potion of
                  | mutation]
 67923 | Zot:5    | Gained mutation: You have an increased reservoir of magic.
                  | (+10% MP) [potion of mutation]
 67924 | Zot:5    | Lost mutation: Armour fits poorly on your strangely shaped
                  | body. [potion of mutation]
 67924 | Zot:5    | Lost mutation: Your body sometimes deteriorates upon taking
                  | damage. [potion of mutation]
 67924 | Zot:5    | Lost mutation: You have an increased reservoir of magic.
                  | (+10% MP) [potion of mutation]
 67924 | Zot:5    | Gained mutation: You possess an exceptional clarity of
                  | mind. [potion of mutation]
 67993 | Zot:5    | Learned a level 1 spell: Apportation
 68165 | Hell     | Entered the Vestibule of Hell
 68166 | Hell     | Noticed Geryon
 68978 | Hell     | Killed Geryon
 69256 | Hell     | Found a gateway to the freezing wastes of Cocytus.
 69402 | Hell     | Found a gateway to the Iron City of Dis.
 69549 | Hell     | Found a gateway to the ashen valley of Gehenna.
 69658 | Hell     | Found a gateway to the decaying netherworld of Tartarus.
 70065 | Slime:1  | Entered Level 1 of the Pits of Slime
 70828 | Slime:1  | You are sucked into a shaft and drop 1 floor!
 71224 | Slime:4  | Reached skill level 10 in Evocations
 71234 | Slime:4  | Gained mutation: You are partially covered in large bone
                  | plates. (SH +4) [a shining eye]
 71235 | Slime:4  | Reached skill level 27 in Invocations
 71574 | Slime:5  | Entered Level 5 of the Pits of Slime
 71589 | Slime:5  | Noticed the Royal Jelly
 71724 | Slime:5  | Killed the Royal Jelly
 71760 | Slime:5  | Gained mutation: You are somewhat resistant to further
                  | mutation. [a shining eye]
 71962 | Slime:5  | Identified the amulet of Linearity {Harm Regen+ Int+5}
 72014 | Slime:5  | Identified the +7 falchion of Exquisite Death {flame, rF+}
 72037 | Slime:5  | Got a slimy rune of Zot
 72372 | Slime:4  | Paralysed by a great orb of eyes for 4 turns
 72917 | Depths:1 | Voluntarily entered the Abyss.
 73112 | Abyss:3  | Found a corrupted altar of Lugonu.
 73202 | Abyss:3  | Got an abyssal rune of Zot
 73214 | Depths:1 | Escaped the Abyss
 73384 | Zot:5    | Got the Orb of Zot
 73611 | D:15     | Noticed Icoxo the pandemonium lord
 73618 | D:15     | Killed Icoxo the pandemonium lord
 74154 | D:$      | Escaped with the Orb!

Illustrated notes

Levels and vault maps discovered:
D:1:      giann_horns, layout_loops_ring, ebering_ecumenical_altar_hall,
          minmay_misc_feat_rows
D:2:      layout_basic, basic_altar, kennysheep_generic_room_4
D:3:      layout_loops_corners, portal_sewer_entry_b, nicolae_underground_beach
D:4:      layout_loops_ring, uniq_crazy_yiuf_cottage, uniq_blork_the_orc,
          uniq_grinder, uniq_natasha, uniq_sigmund
D:5:      layout_basic, minmay_temple_entry_trees, uniq_duvessa
D:6:      hangedman_cross_stitches, layout_basic, serial_shops, shop,
          gammafunk_ghost_smash, uniq_pikel
D:7:      layout_gridville, uniq_joseph
D:8:      layout_loops_ring, nicolae_overflow_two_pavilions,
          gammafunk_ghost_gnarly_gnolls
D:9:      layout_rooms, david_lair_shrubbed, enter_bailey_5
D:10:     layout_rooms, mainiacjoe_overflow_alcove_2, david_orc_5,
          minmay_misc_feat_pillars, uniq_erolcha
D:11:     layout_basic
D:12:     layout_irregular_city, serial_column_ruins, column_ruins_hut_ruined,
          column_ruins_columns_straight, column_ruins_corridor_dead_end,
          column_ruins_columns_T, column_ruins_grid_3,
          column_ruins_columns_dead_end, column_ruins_columns_straight,
          minivault_16
D:13:     layout_basic, david_vaults_1, portal_ice_cave_rime, enter_trove_5,
          nicolae_ru_the_path_less_chosen
D:14:     layout_loops_ring, gauntlet_entry_generic, nicolae_integral_box,
          uniq_frances
D:15:     grunt_enter_depths_snipers, layout_small_grid,
          nicolae_concentric_dashed_squares_wild, nicolae_shop_firing_range,
          uniq_josephine
Temple:   hellmonk_temple_divided_pantheon
Lair:1:   layout_chaotic_city, uniq_erica, uniq_gastronok
Lair:2:   nzn_winding_woodlands_stair_cross [nzn_winding_woodlands_5x15_pool,
          nzn_winding_woodlands_center_garden,
          nzn_winding_woodlands_5x15_zeroes,
          nzn_winding_woodlands_5x5_closed_star,
          nzn_winding_woodlands_5x5_checkerboard,
          nzn_winding_woodlands_5x15_sidewinder,
          nzn_winding_woodlands_center_pierced_h,
          nzn_winding_woodlands_5x15_cabin], layout_concentric_octagons,
          dreamdust_mushroom_princess, nicolae_quartered_pool_impasse
Lair:3:   layout_gridlike, nicolae_swamp_entry_splash_gauntlet,
          spider_nest_entry_web_field, minivault_25, kennysheep_basilisk_garden
Lair:4:   layout_hall_layers, chequers_serial_rivers_micro_b,
          serial_bayou_pond_a
Lair:5:   hangedman_lair_in_review, layout_long_grid,
          nicolae_slime_entry_slimehenge, chequers_serial_rivers_micro_a
Swamp:1:  layout_basic_swamp, lemuel_altar_in_water, hangedman_swamp_dais
Swamp:2:  layout_basic_swamp, evilmike_swamp_ruin_house_3,
          nzn_swamp_dancing_lights, infiniplex_staircase_pool
Swamp:3:  layout_falls_marsh, evilmike_swamp_ruin_rubble_2, swamp_pool3
Swamp:4:  swamp_icy, layout_basic_swamp, infiniplex_staircase_pool_2
Spider:1: layout_spider_delve, drop_trap, uniq_aizul
Spider:2: layout_spider_delve, nicolae_spider_baby_got_redback, uniq_arachne,
          uniq_roxanne
Spider:3: layout_cave_pods
Spider:4: guppyfry_spider_rune
Slime:1:  cheibrodos_slime_lost_civilization_8, layout_caves
Slime:2:  layout_caves
Slime:3:  layout_caves
Slime:4:  layout_caves, nicolae_slime_crime_time
Slime:5
Orc:1:    layout_caves, basic_altar, serial_shops, nicolae_shop_trees,
          lightli_church_of_beogh
Orc:2:    grunt_orc_gardens, layout_caves, grunt_orc_garden, grunt_orc_garden,
          grunt_orc_garden, grunt_orc_garden, serial_shops,
          nicolae_diamond_shop, shop_fountains, shop, nicolae_shop_statue_plus,
          nicolae_shop_crystal, nicolae_orc_bridge_out
Elf:1:    eino_elf_arrival_the_gate, layout_loops_corners, basic_altar,
          minmay_elf_necromancy, feat_on_display, grunt_megastairs_1,
          uniq_azrael
Elf:2:    nicolae_elf_blades_crystal_corner, layout_geoelf_octagon,
          nicolae_elf_crossing_hall, lemuel_upstairs_altar
Elf:3:    minmay_elf_hall_curves, layout_geoelf_castle,
          nicolae_fountain_basement
Vaults:1: dpeg_vaults_monster_box, nicolae_vaults_alarming,
          vaults_room_grunt_arrival_ludios, vaults_room_hallway,
          vaults_standard_mumra_x, v_misc_19, nicolae_vaults_circle_grid_b,
          ontoclasm_vaults_misaligned, nicolae_vaults_what_the_h,
          nicolae_vaults_know_your_exits, vaults_room_large_hall,
          layout_vaults_omnigrid
Vaults:2: nicolae_vaults_big_ls, vaults_room_corners,
          nicolae_vaults_bisected_exclaves, v_alt_pattern_5, vaults_dpeg_spiral,
          hangedman_vaults_corner_blocks, ontoclasm_vaults_twist,
          grunt_tower_of_power, nicolae_vaults_network_barrier,
          ontoclasm_vaults_shuriken, v_alt_pattern_1,
          ontoclasm_vaults_loading_screen, layout_vaults_ring
Vaults:3: v_misc_4, vaults_standard_mumra_lines, vaults_mumra_lcd,
          vaults_mumra_minichess, hangedman_vaults_unwind,
          nicolae_vaults_twisting_passages,
          nicolae_vaults_windows_and_doors_thing, st_smaller_cells,
          ontoclasm_vaults_gateway, nicolae_vaults_theta,
          layout_vaults_omnicross, uniq_bai_suzhen
Vaults:4: v_rooms_1, grunt_vaults_diagonal, nicolae_vaults_network_s,
          ontoclasm_vaults_bender, v_misc_30, nicolae_vaults_mini_display_case,
          v_pattern_2, layout_vaults_big_room
Vaults:5
Crypt:1:  layout_basic, hex_large
Crypt:2:  layout_chaotic_city, uniq_zenata, uniq_vv, uniq_josephina, uniq_donald
Crypt:3:  lightli_unholy_cathedral, layout_chaotic_city,
          tomb_entry_forgotten_bobbens
Tomb:1
Depths:1: layout_long_grid, enter_ziggurat_c, hell_entry,
          nicolae_kite_square_tiling_tiny, rand_demon_pan_entry_9, abyss_entry,
          glass_columns_c, minmay_misc_feat_nine_boxes,
          nicolae_transmutations_shop, nrook_uturn, minivault_16,
          minmay_metal_thing, uniq_asterion
Depths:2: minmay_spiral_squares, layout_gridlike, rand_demon_pan_entry_8,
          hell_entry, minmay_shop_star, serial_bayou_shore_b
Depths:3: minmay_the_grid_octo_tiled_squarecenter_mashed
          [minmay_the_grid_octo_77, minmay_the_grid_octo_focus,
          minmay_the_grid_octo_fan_narrow, minmay_the_grid_octo_fat_diamond,
          minmay_the_grid_square_5x5_megaprize_checkered,
          minmay_the_grid_square_5x5_six, minmay_the_grid_square_5x5_z,
          minmay_the_grid_square_5x5_trominoes,
          minmay_the_grid_square_5x5_lines], layout_honeycomb,
          pdpol_wu_jian_five_deadly_venoms,
          nicolae_abyss_entry_one_way_or_another, grunt_hell_entry_dis_grunt,
          minmay_staircase_bubble, serial_bayou_shore_a
Depths:4: grunt_zot_entry_pinwheel, layout_honeycomb, elyvilon_altar_4,
          grunt_hell_horde, minmay_serpent_palace, uniq_parghit
Hell
Zot:1:    layout_cathedral_of_symmetry, evilmike_ambush
          [evilmike_ambush_outer_corners, evilmike_ambush_inner_pond],
          uniq_tiamat
Zot:2:    layout_gridlike, grunt_ministairs_1, drop_trap, skrybe_zot_glass_2
Zot:3:    layout_misc_corridors, lemuel_golem_globe
Zot:4:    layout_gridlike, ebering_ghost_reflecting_pool,
          hangedman_zot_decor_slant, evilmike_ambush
          [evilmike_ambush_outer_basic, evilmike_ambush_inner_pond]
Zot:5:    layout_concentric_octagons, hangedman_zot_decor_checkerboard,
          hangedman_feature_mirror, grunt_ministairs_3

Skill      XL: |  1  2  3  4  5  6  7  8  9 10 11 12 13 14 15 16 17 18 19 20 21 22 23 24 25 26 27 |
---------------+----------------------------------------------------------------------------------+-----
Armour         | 1 2 3 4 5 6 7 8 9 10 11 13 15 16 18 19 21 22 23 24 25 26 27 | 27.0
Fighting       | 4 5 6 7 8 9 10 11 12 13 14 15 16 17 18 19 20 21 22 23 24 | 24.2
Axes           | 4 5 6 7 8 10 12 15 17 18 19 20 21 22 23 24 25 26 | 26.9
Dodging        | 4 5 6 7 9 10 11 12 13 14 15 17 18 20 21 22 23 24 | 24.2
Invocations    | 4 6 8 10 11 12 14 15 16 17 18 20 22 23 24 25 26 27 | 27.0
Throwing       | 9 13 15 16 17 | 17.5
Evocations     | 7 11 | 11.9
Stealth        | |  1.5

Action                     |  1- 3 |  4- 6 |  7- 9 | 10-12 | 13-15 | 16-18 | 19-21 | 22-24 | 25-27 || total
---------------------------+-------+-------+-------+-------+-------+-------+-------+-------+-------++-------
  Melee: Hand axe          |   109 |   100 |   136 |       |     5 |       |       |       |       ||   350
         Headbutt          |    16 |    17 |    51 |   120 |   147 |   368 |   252 |   333 |   320 ||  1624
         Punch             |     1 |       |     3 |       |     1 |     1 |     1 |     4 |       ||    11
         War axe           |       |       |    46 |       |    14 |    68 |    52 |   119 |       ||   299
         Battleaxe         |       |       |    85 |   476 |   698 |  1232 |    61 |   320 |       ||  2872
         Executioner's axe |       |       |       |       |       |       |   838 |   614 |  1048 ||  2500
 Invoke: Upheaval          |       |       |       |     1 |     6 |     5 |     2 |       |    11 ||    25
         Disaster Area     |       |       |       |       |     1 |       |     2 |     1 |     6 ||    10
  Evoke: Wand              |       |     2 |       |     1 |       |     6 |       |       |    15 ||    24
         Condenser vane    |       |       |       |       |       |       |       |       |     1 ||     1
    Use: Potion            |       |     5 |     2 |       |     1 |     5 |     6 |     3 |    21 ||    43
         Scroll            |       |       |     2 |    11 |    16 |     3 |     6 |     7 |     7 ||    52
   Stab: Sleeping          |     1 |       |       |       |       |       |       |       |       ||     1
         Invisible         |       |       |       |     3 |       |       |       |       |       ||     3
         Distracted        |       |       |       |       |     1 |       |       |       |       ||     1
 Armour: Robe              |     7 |       |       |       |       |       |       |       |       ||     7
         Chain mail        |    56 |    59 |   212 |   342 |   417 |   740 |   604 |   668 |   761 ||  3859
  Dodge: Dodged            |    44 |    45 |   143 |   282 |   285 |   546 |   620 |   777 |  1027 ||  3769
         Repelled          |       |       |       |     3 |    20 |    13 |    19 |    16 |    56 ||   127
  Block: Other             |       |    16 |   122 |   307 |   406 |   694 |   435 |   419 |   473 ||  2872

Table legend: (Time is in decaauts)
 A = Elapsed time spent in this place.
 B = Non-inter-level travel time spent in this place.
 C = Inter-level travel time spent in this place.
 D = Time resting spent in this place.
 E = Time spent auto-exploring this place.
 F = Levels seen in this place.
 G = Mean time per level.
                   A        B        C        D        E       F      G
               +--------+--------+--------+--------+--------+-----+--------+
         Total |  74033 |  68446 |   5587 |  10205 |  44588 |  66 | 1121.7 |
       Dungeon |  14660 |  12647 |   2013 |   1029 |   8783 |  15 |  977.3 |
        Temple |     42 |     42 |      0 |      0 |      2 |   1 |   42.0 |
          Lair |   6261 |   5628 |    633 |    455 |   4281 |   5 | 1252.2 |
         Swamp |   3466 |   3318 |    148 |    484 |   2231 |   4 |  866.5 |
   Spider Nest |   3824 |   3593 |    231 |    119 |   2737 |   4 |  956.0 |
    Slime Pits |   2511 |   2327 |    184 |    128 |   1819 |   5 |  502.2 |
  Orcish Mines |   2406 |   2258 |    148 |    380 |   1607 |   2 | 1203.0 |
   Elven Halls |   6273 |   5995 |    278 |   1329 |   3296 |   3 | 2091.0 |
        Vaults |   9160 |   8545 |    615 |   1392 |   5645 |   5 | 1832.0 |
         Crypt |   3337 |   3227 |    110 |    337 |   2342 |   3 | 1112.3 |
          Tomb |   2172 |   1948 |    224 |    293 |   1237 |   1 | 2172.0 |
        Depths |  11517 |  10858 |    659 |   2428 |   6810 |   4 | 2879.2 |
          Hell |    619 |    608 |     11 |     10 |    424 |   1 |  619.0 |
           Zot |   5545 |   5219 |    326 |   1618 |   2478 |   5 | 1109.0 |
         Abyss |    534 |    534 |      0 |     22 |     40 |   3 |  178.0 |
         Trove |    118 |    118 |      0 |      0 |     44 |   1 |  118.0 |
         Sewer |    182 |    182 |      0 |      0 |    139 |   1 |  182.0 |
        Bailey |    479 |    479 |      0 |    179 |    143 |   1 |  479.0 |
      Ice Cave |    430 |    430 |      0 |      2 |    281 |   1 |  430.0 |
      Gauntlet |    489 |    489 |      0 |      0 |    247 |   1 |  489.0 |
               +--------+--------+--------+--------+--------+-----+--------+

Top non-repeatable levels by time:
Depths:2: 3576 daAuts
Depths:4: 3294 daAuts
Depths:3: 2942 daAuts
Vaults:2: 2406 daAuts
   Elf:3: 2364 daAuts
   Elf:1: 2185 daAuts
  Tomb:1: 2172 daAuts
Vaults:3: 2000 daAuts
   Zot:2: 1999 daAuts
Vaults:4: 1874 daAuts
    D:15: 1842 daAuts
   Elf:2: 1723 daAuts
Depths:1: 1704 daAuts
  Lair:5: 1577 daAuts
Vaults:1: 1562 daAuts
